 Dungeon Crawl Stone Soup version 0.28-a0-655-g4eb62b627b (webtiles) character file.

Game seed: 868147535319573523

68 willcat the Sneak (level 4, -4/35 HPs)
             Began as a Human Delver on Oct 12, 2021.
             Was an Initiate of Okawaru.
             Slain by a gnoll (6 damage)
             ... on level 7 of the Dungeon.
             The game lasted 00:01:35 (1238 turns).

willcat the Sneak (Human Delver)                    Turns: 1238, Time: 00:01:36

Health: -4/35      AC:  3    Str: 13    XL:     4   Next: 41%
Magic:  4/4        EV: 12    Int: 11    God:    Okawaru [......]
Gold:   18         SH:  0    Dex: 14    Spells: 3/3 levels left

rFire   . . .      SeeInvis .   a - +0 short sword
rCold   . . .      Faith    .   (no shield)
rNeg    . . .      Spirit   .   b - +0 leather armour
rPois   .          Reflect  .   (no helmet)
rElec   .          Harm     .   (no cloak)
rCorr   .          Rampage  .   (no gloves)
Will    .....                   (no boots)
Stlth   +++.......              (no amulet)
HPRegen 0.11/turn               (no ring)
MPRegen 0.09/turn               (no ring)

@: no status effects
A: no striking features
a: Renounce Religion


You were on level 7 of the Dungeon.
You worshipped Okawaru.
Okawaru was noncommittal.
You visited 2 branches of the dungeon, and saw 4 of its levels.

You collected 18 gold pieces.

Inventory:

Hand Weapons
 a - a +0 short sword (weapon)
Armour
 b - a +0 leather armour (worn)
Wands
 g - a wand of digging (3)
Scrolls
 c - a scroll of fog
 d - a scroll of magic mapping
 e - a scroll of teleportation {unknown}
 f - a scroll of silence {unknown}


   Skills:
 - Level 3.0 Fighting
 + Level 2.9 Short Blades
 + Level 2.9 Dodging
 + Level 5.5 Stealth


You had 3 spell levels left.
You didn't know any spells.
Your spell library was empty.

Dungeon Overview and Level Annotations

Branches:
Dungeon (7/15)             Temple (1/1) D:6

Altars:
Elyvilon
Fedhas
Gozag
Kikubaaqudgha
Nemelex Xobeh
Okawaru
Qazlal
Ru
Uskayaw
Vehumet
Xom


Message History

The gnoll hits you with a +0 club!
You hit the gnoll.
You kill the gnoll!
Okawaru accepts your kill.
No target in view!
You start resting.
A gnoll is nearby!
Things that are here:
a +0 club; a gnoll corpse What are your orders? t - Shout!
Orders for allies: a - Attack new target. r - Retreat! s - Stop attacking. g - Guard the area. f - Follow me.
Anything else - Cancel.
You shout for attention!
You hear a shout!
You hit the gnoll.
The gnoll is lightly wounded.
The gnoll barely misses you.
You closely miss the gnoll.
The gnoll is lightly wounded.
The gnoll closely misses you.
You closely miss the gnoll.
The gnoll is lightly wounded.
The gnoll hits you with a +0 flail.
You hit the gnoll.
The gnoll is heavily wounded.
The gnoll hits you with a +0 flail!
You hit the gnoll but do no damage.
The gnoll is heavily wounded.
The gnoll hits you with a +0 flail!
* * * LOW HITPOINT WARNING * * *
You closely miss the gnoll.
The gnoll is heavily wounded.
The gnoll hits you with a +0 flail.
* * * LOW HITPOINT WARNING * * *
You hit the gnoll but do no damage.
The gnoll is heavily wounded.
The gnoll hits you with a +0 flail.
You die...

#.#.##g##...#.####
#......##........#
#......######.#.##
#...........#.#..#
#..##.#####.#.#.##
#.......#..<#.#.#
#^.......g#.#.#.#
#.#######.###.#...#
#...@g..).# #.#####
########### #.# #.#
#.# #.#


You could see a gnoll.

Vanquished Creatures
  A centaur zombie (D:6)
  A hound (Temple)
  A gnoll (D:7)
3 creatures vanquished.

Notes
Turn   | Place    | Note
-------+----------+-------------------------------------------
     0 | D:5      | willcat the Human Delver began the quest for the Orb.
     0 | D:5      | Reached XP level 1. HP: 18/18 MP: 1/1
    11 | D:5      | Noticed an ogre
    29 | D:6      | Found a staircase to the Ecumenical Temple.
    34 | D:6      | Noticed a hound
    36 | Temple   | Entered the Ecumenical Temple
   292 | Temple   | Became a worshipper of Warmaster Okawaru
   618 | Temple   | Killed a hound
   619 | Temple   | Reached XP level 2. HP: 9/24 MP: 2/2
   619 | Temple   | Reached XP level 3. HP: 11/29 MP: 3/3
   855 | D:6      | Reached XP level 4. HP: 23/35 MP: 4/4
   984 | D:6      | Noticed a water moccasin
   990 | D:6      | Noticed an orc warrior
  1061 | D:7      | Noticed a gnoll sergeant
  1238 | D:7      | Slain by a gnoll

Illustrated notes

Levels and vault maps discovered:
D:5:      gammafunk_wand_slinger, layout_cave_pools, lemuel_doored_altar,
          hangedman_decor_slide_cut, hangedman_decor_points,
          kennysheep_generic_room_7, uniq_blork_the_orc
D:6:      layout_cave_pools, nicolae_overflow_hidden_temple,
          mainiacjoe_overflow_small_starburst, minmay_temple_entry_mist
D:7:      layout_basic, nicolae_hepliaklqana_hazy_memory
Temple:   regret_index_temple_sphere_string

Action                   |  1- 3 |  4- 6 || total
-------------------------+-------+-------++-------
Melee: Short sword       |    25 |    13 ||    38
  Use: Potion            |     2 |       ||     2
       Scroll            |     1 |       ||     1
Armor: Leather armour    |    13 |       ||    13
Dodge: Dodged            |    30 |     4 ||    34

Table legend: (Time is in decaauts)
 A = Elapsed time spent in this place.
 B = Non-inter-level travel time spent in this place.
 C = Inter-level travel time spent in this place.
 D = Time resting spent in this place.
 E = Time spent auto-exploring this place.
 F = Levels seen in this place.
 G = Mean time per level.
                   A        B        C        D        E       F      G
               +--------+--------+--------+--------+--------+-----+--------+
         Total |   1221 |   1190 |     31 |    904 |     81 |   4 |  305.2 |
       Dungeon |    433 |    433 |      0 |    223 |     81 |   3 |  144.3 |
        Temple |    788 |    757 |     31 |    681 |      0 |   1 |  788.0 |
               +--------+--------+--------+--------+--------+-----+--------+

Top non-repeatable levels by time:
  Temple: 788 daAuts
     D:7: 235 daAuts
     D:6: 169 daAuts
     D:5: 29 daAuts
